 Dungeon Crawl Stone Soup version 0.24.0-35-gdb84b6a5db (webtiles) character file.

Game seed: 6594131145233599279, levelgen mode: deterministic

10526 Iamsoldier the Thaumaturge (level 11, 0/115 HPs)
             Began as a Gnoll Skald on Nov 20, 2019.
             Was a Priest of Hepliaklqana.
             Slain by a six-headed hydra (10 damage)
             ... on level 2 of the Lair of Beasts.
             The game lasted 00:46:36 (15577 turns).

Iamsoldier the Thaumaturge (Gnoll Skald)           Turns: 15577, Time: 00:46:38

Health: 0/115      AC: 25    Str: 20    XL:     11   Next: 63%
Magic:  14/23      EV:  2    Int: 18    God:    Hepliaklqana [***...]
Gold:   584        SH:  0    Dex: 14    Spells: 6/26 levels left

rFire    + . .     SeeInvis .   a - +2 spear (venom)
rCold    x . .     Gourm    .   (no shield)
rNeg     + + +     Faith    .   (armour currently unavailable)
rPois    +         Spirit   .   (helmet currently unavailable)
rElec    .         Reflect  .   (cloak currently unavailable)
rCorr    .         Harm     .   (gloves currently unavailable)
MR       .....     NoTele   +   (boots currently unavailable)
Stlth    +++.......             (no amulet)
HPRegen  1.29/turn              J - ring of fire
MPRegen  0.18/turn              (no ring)

@: mighty, tree-form, regenerating
A: distributed training, reduced essence, strong nose
a: Recall Ancestor, Ancestor Identity, Transference, Renounce Religion


You were on level 2 of the Lair of Beasts.
You worshipped Hepliaklqana.
Hepliaklqana was most pleased with you.
You were not hungry.
You were a tree.
You visited 3 branches of the dungeon, and saw 12 of its levels.

You collected 584 gold pieces.

Inventory:

Hand Weapons
 a - a +2 spear of venom (weapon)
 b - a +2 morningstar of crushing
 A - a +0 spear
Missiles
 t - 4 boomerangs (quivered)
 E - 3 throwing nets
Armour
 f - a +0 helmet (melded)
 n - a +2 cloak (melded)
 C - a +2 pair of gloves (melded)
 F - a +2 robe of magic resistance (melded)
Jewellery
 J - a ring of fire (left branch)
Wands
 v - a wand of flame (17)
 w - a wand of polymorph (9)
 x - a wand of random effects (25)
 y - a wand of acid (9)
 G - a wand of digging (6)
Scrolls
 c - 10 scrolls of remove curse
 e - 2 scrolls of enchant armour {unknown}
 g - 2 scrolls of magic mapping {unknown}
 j - 3 scrolls of amnesia
 k - a scroll of immolation {unknown}
 p - a scroll of identify
 q - 2 scrolls of fear {unknown}
 r - 3 scrolls of teleportation {unknown}
 u - 2 scrolls of enchant weapon {unknown}
 H - 3 scrolls of blinking {unknown}
 I - a scroll of random uselessness {unknown}
Potions
 h - 2 potions of degeneration
 i - a potion of lignification
 l - 2 potions of brilliance {unknown}
 m - 2 potions of curing
 o - 2 potions of might
 s - 2 potions of heal wounds {unknown}
 z - a potion of haste {unknown}
 B - a potion of ambrosia {unknown}
 D - 2 potions of resistance
Comestibles
 d - 17 rations


   Skills:
 + Level 7.9 Fighting
 + Level 6.3 Short Blades
 + Level 6.3 Long Blades
 + Level 6.3 Axes
 + Level 6.3 Maces & Flails
 + Level 7.9 Polearms
 + Level 6.3 Staves
 + Level 6.3 Slings
 + Level 6.3 Bows
 + Level 6.3 Crossbows
 + Level 6.3 Throwing
 + Level 6.9 Armour
 + Level 7.9 Dodging
 + Level 6.3 Stealth
 + Level 6.3 Shields
 + Level 6.3 Unarmed Combat
 + Level 8.2 Spellcasting
 + Level 5.2 Conjurations
 + Level 5.2 Hexes
 + Level 7.7 Charms
 + Level 5.2 Summonings
 + Level 5.2 Necromancy
 + Level 5.2 Translocations
 + Level 5.2 Transmutations
 + Level 5.2 Fire Magic
 + Level 5.2 Ice Magic
 + Level 5.2 Air Magic
 + Level 5.2 Earth Magic
 + Level 5.2 Poison Magic
 + Level 7.0 Invocations
 + Level 6.3 Evocations


You had 6 spell levels left.
You knew the following spells:

 Your Spells              Type           Power        Failure   Level  Hunger
a - Spider Form           Tmut/Pois      ####......   3%          3    #......
b - Shroud of Golubria    Chrm/Tloc      ####..       1%          2    None
c - Spectral Weapon       Hex/Chrm       ####....     1%          3    #......
d - Regeneration          Chrm/Necr      ####......   1%          3    #......
e - Blade Hands           Tmut           ####......   30%         5    #####..
f - Iskenderun's Mystic   Conj           ####....     11%         4    ###....

Your spell library contained the following spells:

 Spells                   Type           Power        Failure   Level  Hunger
 Beastly Appendage        Tmut           ####..       1%          1    None
 Infusion                 Chrm           ####         1%          1    None
 Magic Dart               Conj           ####         1%          1    None
 Searing Ray              Conj           ####..       1%          2    None
 Song of Slaying          Chrm           #####...     1%          2    None
 Sticks to Snakes         Tmut           ####....     1%          2    None
 Dazzling Spray           Conj/Hex       ####..       3%          3    #......
 Force Lance              Conj/Tloc      ####....     11%         4    ###....
 Fulminant Prism          Conj/Hex       ####......   11%         4    ###....
 Ice Form                 Ice/Tmut       ####....     11%         4    ###....


Dungeon Overview and Level Annotations

Branches:
Dungeon (9/15)             Temple (1/1) D:7            Lair (2/6) D:8
    Orc (0/2) D:9
  Swamp: Lair:2-4    Shoals: Lair:2-4     Snake: Lair:2-4    Spider: Lair:2-4

Altars:
Ashenzari
Cheibriados
Dithmenos
Elyvilon
Fedhas
Gozag
Hepliaklqana
Kikubaaqudgha
Makhleb
Nemelex Xobeh
Okawaru
Qazlal
Ru
Sif Muna
Trog
Uskayaw
Vehumet
Wu Jian
Xom
Yredelemnul
Zin
The Shining One

Shops:
D:4 *   D:7 [   D:8 ?


Innate Abilities, Weirdness & Mutations

Your experience applies equally to all skills.
((You have very sharp teeth.))
Your uncanny sense of smell can sniff out nearby items.
Your life essence is reduced to manifest your ancestor. (-10% HP)


Message History

The six-headed hydra bites you.
* * * LOW HITPOINT WARNING * * *
The six-headed hydra bites you!
* * * LOW HITPOINT WARNING * * *
The six-headed hydra bites you but does no damage. x3
You feel better.
The six-headed hydra bites you but does no damage.
The six-headed hydra bites you.
* * * LOW HITPOINT WARNING * * *
The six-headed hydra bites you but does no damage. x3
The six-headed hydra bites you.
* * * LOW HITPOINT WARNING * * *
You feel very mighty all of a sudden. The six-headed hydra bites you.
* * * LOW HITPOINT WARNING * * *
The six-headed hydra bites you.
* * * LOW HITPOINT WARNING * * *
The six-headed hydra bites you but does no damage.
The six-headed hydra bites you!
You die...

###.......#
#####P.#....##
##..#####.....#
#....#.##...#.#
##..[..####....###
#.......#####..PP# .
#........# #....##..
#.#......# ##........
##..♣D..<###.........
#.(.....#...........
#P...........##.#...
##.......##### ##...
##.....## #. #######
.


You could see a six-headed hydra and a friendly spectral +2 spear of venom.

Vanquished Creatures
  A hydra (D:8)
  A black mamba (Lair:1)
  4 spiny frogs (Lair:1)
  A komodo dragon (Lair:1)
  A troll (D:9)
  8 blink frogs (Lair:1)
  A hippogriff (D:9)
  A basilisk (Lair:2)
  2 water moccasins (Lair:1)
  A porcupine (Lair:1)
  3 ice beasts
  A sky beast (D:8)
  5 orc warriors
  A black bear (D:7)
  6 wolves (Lair:2)
  4 ogres
  2 centaurs
  12 bullfrogs
  A gnoll sergeant (D:8)
  2 wights (D:9)
  3 crimson imps
  A howler monkey (D:6)
  A quasit (D:9)
  2 centaur zombies
  A jelly (D:6)
  4 orc priests
  A bullfrog skeleton (D:8)
  11 orc wizards
  Terence (D:2)
  Natasha (thrice) (D:2)
  3 iguanas
  6 worker ants
  A hound zombie (D:7)
  A hound skeleton (D:7)
  4 gnolls (D:8)
  10 adders
  An adder zombie (D:9)
  An adder skeleton (D:7)
  2 worms (D:2)
  3 dart slugs
  3 leopard geckos
  29 orcs
  8 bats
  6 giant cockroaches
  6 goblins
  8 hobgoblins
  10 kobolds
  5 quokkas
  2 frilled lizards
  3 quokka zombies
  8 rats
206 creatures vanquished.

Vanquished Creatures (collateral kills)
  Maurice (D:9)
  A rime drake (Lair:1)
  A komodo dragon (Lair:1)
  A sky beast (D:6)
  2 orc warriors
  2 ogres
  A bullfrog (D:7)
  A big kobold (D:9)
  A scorpion (D:8)
  2 wights (D:9)
  An orc wizard (D:8)
  An orc priest (D:8)
  A bullfrog skeleton (D:5)
  An iguana (D:5)
  A hound zombie (D:5)
  11 orcs
  A kobold (D:9)
  A fungus (Lair:1)
31 creatures vanquished.

Vanquished Creatures (others)
  14 hexers
  2 ancestors
  4 fungi
  A plant (Lair:1)
  17 spectral weapons
38 creatures vanquished.

Grand Total: 275 creatures vanquished

Notes
Turn   | Place    | Note
-------+----------+-------------------------------------------
     0 | D:1      | Iamsoldier the Gnoll Skald began the quest for the Orb.
     0 | D:1      | Reached XP level 1. HP: 20/20 MP: 6/6
   304 | D:1      | Reached XP level 2. HP: 26/26 MP: 7/7
   877 | D:2      | Reached skill level 5 in Spellcasting
   877 | D:2      | Reached XP level 3. HP: 25/31 MP: 2/9
  1024 | D:2      | Learned a level 2 spell: Shroud of Golubria
  1028 | D:2      | Learned a level 3 spell: Spectral Weapon
  1032 | D:2      | Learned a level 3 spell: Regeneration
  1068 | D:2      | Reached skill level 1 in Short Blades
  1068 | D:2      | Reached skill level 1 in Long Blades
  1068 | D:2      | Reached skill level 1 in Axes
  1068 | D:2      | Reached skill level 1 in Maces & Flails
  1068 | D:2      | Reached skill level 1 in Staves
  1068 | D:2      | Reached skill level 1 in Slings
  1068 | D:2      | Reached skill level 1 in Bows
  1068 | D:2      | Reached skill level 1 in Crossbows
  1068 | D:2      | Reached skill level 1 in Throwing
  1068 | D:2      | Reached skill level 1 in Stealth
  1068 | D:2      | Reached skill level 1 in Shields
  1068 | D:2      | Reached skill level 1 in Unarmed Combat
  1068 | D:2      | Reached skill level 1 in Invocations
  1068 | D:2      | Reached skill level 1 in Evocations
  1068 | D:2      | Reached XP level 4. HP: 38/38 MP: 7/11
  1188 | D:2      | Noticed Natasha
  1193 | D:2      | Killed Natasha
  1196 | D:2      | Reached skill level 1 in Conjurations
  1196 | D:2      | Reached skill level 1 in Hexes
  1196 | D:2      | Reached skill level 1 in Summonings
  1196 | D:2      | Reached skill level 1 in Necromancy
  1196 | D:2      | Reached skill level 1 in Translocations
  1196 | D:2      | Reached skill level 1 in Transmutations
  1196 | D:2      | Reached skill level 1 in Fire Magic
  1196 | D:2      | Reached skill level 1 in Ice Magic
  1196 | D:2      | Reached skill level 1 in Air Magic
  1196 | D:2      | Reached skill level 1 in Earth Magic
  1196 | D:2      | Reached skill level 1 in Poison Magic
  1337 | D:2      | Noticed Natasha
  1348 | D:2      | Killed Natasha
  1348 | D:2      | Reached XP level 5. HP: 42/43 MP: 9/12
  1427 | D:2      | Noticed Terence
  1435 | D:2      | Killed Terence
  1622 | D:2      | Noticed Natasha
  1632 | D:2      | Killed Natasha
  1922 | D:2      | Found a white marble altar of Elyvilon.
  2237 | D:3      | Found a faded altar of an unknown god.
  2427 | D:3      | Reached XP level 6. HP: 50/50 MP: 13/13
  2489 | D:3      | Noticed an ice beast
  2517 | D:3      | Killed an ice beast
  2517 | D:3      | Reached skill level 5 in Fighting
  2517 | D:3      | Reached skill level 5 in Polearms
  2517 | D:3      | Reached skill level 5 in Dodging
  2595 | D:3      | Found a sacrificial altar of Ru.
  3167 | D:4      | Found a hazy altar of Hepliaklqana.
  3170 | D:4      | Became a worshipper of Hepliaklqana the Forgotten
  3196 | D:4      | Found Akoyquich's Serpentskin Sales.
  3747 | D:4      | Reached XP level 7. HP: 44/50 MP: 6/15
  4088 | D:5      | Entered Level 5 of the Dungeon
  4160 | D:5      | Reached * piety under Hepliaklqana
  4315 | D:5      | Found a bloodstained altar of Trog.
  4319 | D:5      | Found a basalt altar of Yredelemnul.
  4371 | D:5      | Found a hide-covered altar of Uskayaw.
  4371 | D:5      | Found an iron altar of Okawaru.
  4560 | D:5      | Found an opulent altar of Gozag.
  4725 | D:6      | Reached XP level 8. HP: 46/56 MP: 13/16
  4761 | D:6      | Found a snail-covered altar of Cheibriados.
  4975 | D:6      | Reached skill level 6 in Spellcasting
  5219 | D:6      | Found a burning altar of Makhleb.
  5490 | D:6      | Found a sparkling altar of Nemelex Xobeh.
  5587 | D:6      | Found a sparkling altar of Nemelex Xobeh.
  5821 | D:7      | Reached XP level 9. HP: 62/62 MP: 11/18
  5925 | D:7      | Reached ** piety under Hepliaklqana
  5926 | D:7      | Remembered your ancestor Matia as a hexer
  5938 | D:7      | Found a shimmering altar of Xom.
  6154 | D:7      | Learned a level 3 spell: Spider Form
  6185 | D:7      | Found Kuissu's Armour Emporium.
  6250 | D:7      | Found a blossoming altar of Fedhas.
  6377 | D:7      | Found a staircase to the Ecumenical Temple.
  6390 | Temple   | Entered the Ecumenical Temple
  6971 | D:8      | Noticed an eight-headed hydra
  6975 | D:8      | Reached skill level 5 in Armour
  6990 | D:8      | HP: 1/62 [eight-headed hydra (4)]
 10746 | D:8      | Found a staircase to the Lair.
 10810 | D:8      | Found Duifodd's Magic Scroll Shop.
 10854 | D:8      | Reached skill level 5 in Invocations
 11142 | D:8      | HP: 2/63 [centaur/+0 hand axe (4)]
 11149 | D:8      | HP: 2/63 [centaur/+0 hand axe (1)]
 11495 | D:8      | Found a sparkling altar of Nemelex Xobeh.
 11810 | D:8      | Killed an eight-headed hydra
 11810 | D:8      | Reached skill level 7 in Spellcasting
 11810 | D:8      | Reached XP level 10. HP: 50/69 MP: 9/20
 12080 | D:9      | Found a white marble altar of Elyvilon.
 12105 | D:9      | Reached skill level 5 in Short Blades
 12105 | D:9      | Reached skill level 5 in Long Blades
 12105 | D:9      | Reached skill level 5 in Axes
 12105 | D:9      | Reached skill level 5 in Maces & Flails
 12105 | D:9      | Reached skill level 5 in Staves
 12105 | D:9      | Reached skill level 5 in Slings
 12105 | D:9      | Reached skill level 5 in Bows
 12105 | D:9      | Reached skill level 5 in Crossbows
 12105 | D:9      | Reached skill level 5 in Throwing
 12105 | D:9      | Reached skill level 5 in Stealth
 12105 | D:9      | Reached skill level 5 in Shields
 12105 | D:9      | Reached skill level 5 in Unarmed Combat
 12105 | D:9      | Reached skill level 5 in Evocations
 12141 | D:9      | Noticed Maurice
 12158 | D:9      | Killed Maurice
 12283 | D:9      | Reached *** piety under Hepliaklqana
 12347 | D:9      | Found a glowing golden altar of the Shining One.
 12851 | D:9      | Found a staircase to the Orcish Mines.
 13456 | Lair:1   | Entered Level 1 of the Lair of Beasts
 13461 | Lair:1   | Noticed a spiny frog
 13467 | Lair:1   | Noticed a spiny frog
 13472 | Lair:1   | Killed a spiny frog
 13481 | Lair:1   | Killed a spiny frog
 13535 | Lair:1   | Noticed a black mamba
 13553 | Lair:1   | Reached XP level 11. HP: 31/75 MP: 15/22
 14069 | Lair:1   | Reached skill level 5 in Conjurations
 14069 | Lair:1   | Reached skill level 5 in Hexes
 14069 | Lair:1   | Reached skill level 5 in Summonings
 14069 | Lair:1   | Reached skill level 5 in Necromancy
 14069 | Lair:1   | Reached skill level 5 in Translocations
 14069 | Lair:1   | Reached skill level 5 in Transmutations
 14069 | Lair:1   | Reached skill level 5 in Fire Magic
 14069 | Lair:1   | Reached skill level 5 in Ice Magic
 14069 | Lair:1   | Reached skill level 5 in Air Magic
 14069 | Lair:1   | Reached skill level 5 in Earth Magic
 14069 | Lair:1   | Reached skill level 5 in Poison Magic
 14099 | Lair:1   | Reached skill level 8 in Spellcasting
 14164 | Lair:1   | Learned a level 5 spell: Blade Hands
 15421 | Lair:2   | Learned a level 4 spell: Iskenderun's Mystic Blast
 15509 | Lair:2   | Noticed a six-headed hydra
 15577 | Lair:2   | Slain by a six-headed hydra

Levels and vault maps discovered:
D:1:      enne_arrival_octagon_isle, layout_loops_corners, minmay_heptomino_h4
D:2:      layout_loops_ring, lemuel_round_altar, minmay_misc_feat_plants,
          uniq_natasha, uniq_terence
D:3:      layout_loops_corners, nicolae_ru_path_of_blood,
          chequers_ecumenical_altar_island, first_ration
D:4:      layout_loops_ring, kennysheep_mini, guppyfry_shop_venom
D:5:      layout_cave_pools, nicolae_overflow_hidden_temple, minitemple
D:6:      layout_loops_ring, kennysheep_little_box, old_standard_altar,
          kennysheep_mini_moat, moated_statue, nemelex_diamond_rough_becter
D:7:      layout_loops_ring, fedhas_altar_fruit_tree, minmay_temple_entry_trees,
          serial_shops, shop, xom_teletrap_fun
D:8:      layout_basic, dpeg_oklobed_lair, serial_shops, shop, grunt_ogre_cave,
          nemelex_spade_bored_becter
D:9:      layout_loops_corners, nicolae_tso_swordbearing_angel, david_orc_4,
          elyvilon_altar_4, uniq_maurice
Temple:   compressed_dpeg_triangle_lava_temple
Lair:1:   layout_loops_ring, grunt_megastairs_4, serial_bayou_shore_a
Lair:2:   layout_cave_pods, dummy_snake_entry, special_room [special_room_bee],
          hibernation_bobbens

Skill      XL: |  1  2  3  4  5  6  7  8  9 10 11 |
---------------+----------------------------------+-----
Spellcasting   | 5 6 7 8 |  8.2
Short Blades   | 1 2 3 4 5 6 |  6.3
Long Blades    | 1 2 3 4 5 6 |  6.3
Axes           | 1 2 3 4 5 6 |  6.3
Maces & Flails | 1 2 3 4 5 6 |  6.3
Staves         | 1 2 3 4 5 6 |  6.3
Slings         | 1 2 3 4 5 6 |  6.3
Bows           | 1 2 3 4 5 6 |  6.3
Crossbows      | 1 2 3 4 5 6 |  6.3
Throwing       | 1 2 3 4 5 6 |  6.3
Stealth        | 1 2 3 4 5 6 |  6.3
Shields        | 1 2 3 4 5 6 |  6.3
Unarmed Combat | 1 2 3 4 5 6 |  6.3
Invocations    | 1 2 3 4 5 6 7 |  7.0
Evocations     | 1 2 3 4 5 6 |  6.3
Conjurations   | 1 2 3 4 5 |  5.2
Hexes          | 1 2 3 4 5 |  5.2
Summonings     | 1 2 3 4 5 |  5.2
Necromancy     | 1 2 3 4 5 |  5.2
Translocations | 1 2 3 4 5 |  5.2
Transmutations | 1 2 3 4 5 |  5.2
Fire Magic     | 1 2 3 4 5 |  5.2
Ice Magic      | 1 2 3 4 5 |  5.2
Air Magic      | 1 2 3 4 5 |  5.2
Earth Magic    | 1 2 3 4 5 |  5.2
Poison Magic   | 1 2 3 4 5 |  5.2
Armour         | 3 4 5 6 |  6.9
Fighting       | 5 6 7 |  7.9
Polearms       | 5 6 7 |  7.9
Dodging        | 5 6 7 |  7.9
Charms         | 6 7 |  7.7

Action                   |  1- 3 |  4- 6 |  7- 9 | 10-12 || total
-------------------------+-------+-------+-------+-------++-------
Melee: Spear             |    83 |   172 |   373 |   316 ||   944
       Bite              |     7 |    10 |    43 |    25 ||    85
       Punch             |       |       |     4 |     6 ||    10
       Morningstar       |       |       |    12 |       ||    12
 Cast: Infusion          |     4 |     2 |       |       ||     6
       Spectral Weapon   |     1 |    15 |    49 |    38 ||   103
       Shroud of Golubri |       |     3 |    14 |    20 ||    37
       Regeneration      |       |     3 |     8 |    21 ||    32
       Spider Form       |       |       |     1 |       ||     1
Invok: Ancestor Identity |       |     1 |       |       ||     1
       Ancestor Life: He |       |       |     1 |       ||     1
  Use: Scroll            |       |       |     6 |       ||     6
       Potion            |       |       |     2 |     7 ||     9
 Stab: Sleeping          |     1 |     7 |     8 |     3 ||    19
       Distracted        |       |     3 |     4 |    11 ||    18
       Confused          |       |       |       |     4 ||     4
  Eat: Chunk             |       |    10 |    15 |     9 ||    34
       Ration            |       |       |     4 |     1 ||     5
Armor: Leather armour    |     7 |       |       |       ||     7
       Robe              |     2 |    14 |    85 |    48 ||   149
       Skin              |       |       |    24 |    14 ||    38
Dodge: Dodged            |    38 |    64 |   207 |   178 ||   487
